| TOP OF THE 1ST |
|
West Virginia Black Bears batting - Pitching for Boise Hawks : RHP Ricky de la Rosa
|
|
Pitching: RHP Ricky de la Rosa
|
|
|
Batting: LHB Jesse Haught
|
0-0: Foul Ball, location: 2F 0-1: SINGLE (Groundball, 4MD, EV 108.8 MPH) (infield hit)
|
|
Batting: SHB Rob Haney
|
0-0: Called Strike Jesse Haught is caught stealing 2nd base 2-6 0-1: Foul Ball, location: 2F 0-2: Ball 1-2: Foul Ball, location: 2F 1-2: Ball 2-2: SINGLE (Groundball, 34D, EV 108.1 MPH)
|
|
Batting: RHB Mike Weeks
|
0-0: Fielders Choice at 2nd, 5-4 (Groundball, 56, EV 96.2 MPH)
|
|
Batting: LHB Dave Cook
|
0-0: Called Strike 0-1: Foul Ball, location: 2F 0-2: Ground out 4-3 (Groundball, 34S, EV 89.4 MPH)
|
| Top of the 1st over - 0 runs, 2 hits, 0 errors, 1 left on base; West Virginia 0 - Boise 0 |
| BOTTOM OF THE 1ST |
|
Boise Hawks batting - Pitching for West Virginia Black Bears : RHP Luis Flores
|
|
Pitching: RHP Luis Flores
|
|
|
Batting: LHB Jerry Santana
|
0-0: Ball 1-0: Called Strike 1-1: Ball 2-1: Ground out 5-3 (Groundball, 56, EV 77.5 MPH)
|
|
Batting: SHB Rich McDonald
|
0-0: Called Strike 0-1: SINGLE (Groundball, 34S, EV 86.2 MPH) (infield hit)
|
|
Batting: SHB Ken Griffey IV
|
0-0: Ball Rich McDonald steals 2nd base 1-0: Ball 2-0: Fly out, F7 (Flyball, 7D, EV 101.9 MPH)
|
|
Batting: RHB Andy Rayer
|
0-0: Ball 1-0: Swinging Strike 1-1: TRIPLE (Flyball, 78XD, EV 100.0 MPH) Rich McDonald scores
|
|
Batting: RHB Justin Garrett
|
0-0: Called Strike 0-1: Ground out 6-3 (Groundball, 6, EV 101.2 MPH)
|
| Bottom of the 1st over - 1 run, 2 hits, 0 errors, 1 left on base; West Virginia 0 - Boise 1 |
| TOP OF THE 2ND |
|
West Virginia Black Bears batting - Pitching for Boise Hawks : RHP Ricky de la Rosa
|
|
Batting: RHB Matt Derrien
|
0-0: Ball 1-0: Ground out 6-3 (Groundball, 6, EV 108.8 MPH)
|
|
Batting: RHB Erik Mulligan
|
0-0: Foul Ball, location: 2F 0-1: Ball 1-1: Foul Ball, location: 2F 1-2: Foul Ball, location: 2F 1-2: Ball 2-2: Ball 3-2: Fly out, F9 (Line Drive, 9, EV 84.4 MPH)
|
|
Batting: RHB Francisco Santos
|
0-0: Ball 1-0: DOUBLE (Flyball, 8LD, EV 86.9 MPH)
|
|
Batting: SHB Nathan Clement
|
0-0: Ball 1-0: Called Strike 1-1: Swinging Strike 1-2: Ground out 5-3 (Groundball, 5, EV 78.8 MPH)
|
| Top of the 2nd over - 0 runs, 1 hit, 0 errors, 1 left on base; West Virginia 0 - Boise 1 |
| BOTTOM OF THE 2ND |
|
Boise Hawks batting - Pitching for West Virginia Black Bears : RHP Luis Flores
|
|
Batting: RHB Seisaburo Edagawa
|
0-0: Called Strike 0-1: DOUBLE (Groundball, 5L, EV 105.6 MPH)
|
|
Batting: SHB Clayton Saunders
|
0-0: Called Strike 0-1: Ball 1-1: Ball 2-1: SINGLE (Groundball, 6S, EV 64.4 MPH) (infield hit) Seisaburo Edagawa to third
|
|
Batting: RHB Kevin McKasson
|
0-0: Grounds into double play, 5-4-3 (Groundball, 56, EV 84.4 MPH) Seisaburo Edagawa scores
|
|
Batting: RHB Bob Hayes
|
0-0: Ball 1-0: Swinging Strike 1-1: Called Strike 1-2: Foul Ball, location: 2F 1-2: Foul Ball, location: 2F 1-2: DOUBLE (Line Drive, 78M, EV 99.4 MPH)
|
|
Batting: LHB Jerry Santana
|
0-0: Fly out, F7 (Flyball, 78S, EV 91.2 MPH)
|
| Bottom of the 2nd over - 1 run, 3 hits, 0 errors, 1 left on base; West Virginia 0 - Boise 2 |
| TOP OF THE 3RD |
|
West Virginia Black Bears batting - Pitching for Boise Hawks : RHP Ricky de la Rosa
|
|
Batting: RHB Ryan Thurston
|
0-0: Ball 1-0: Swinging Strike 1-1: Ground out 6-3 (Groundball, 6, EV 77.5 MPH)
|
|
Batting: LHB Jesse Haught
|
0-0: Fly out, F8 (Flyball, 8LD, EV 100.0 MPH)
|
|
Batting: SHB Rob Haney
|
0-0: Ball 1-0: Called Strike 1-1: Foul Ball, location: 2F 1-2: Strikes out swinging
|
| Top of the 3rd over - 0 runs, 0 hits, 0 errors, 0 left on base; West Virginia 0 - Boise 2 |
| BOTTOM OF THE 3RD |
|
Boise Hawks batting - Pitching for West Virginia Black Bears : RHP Luis Flores
|
|
Batting: SHB Rich McDonald
|
0-0: Called Strike 0-1: Ball 1-1: Ball 2-1: Foul Ball, location: 2F 2-2: Foul Ball, location: 2F 2-2: Ball 3-2: Fly out, F9 (Flyball, 9S, EV 82.5 MPH)
|
|
Batting: SHB Ken Griffey IV
|
0-0: Called Strike 0-1: Fly out, F7 (Flyball, 7, EV 91.9 MPH)
|
|
Batting: RHB Andy Rayer
|
0-0: Called Strike 0-1: Swinging Strike 0-2: Ball 1-2: Foul Ball, location: 2F 1-2: Reached on error, E6 (Groundball, 6, EV 96.2 MPH)
|
|
Batting: RHB Justin Garrett
|
0-0: Foul Ball, location: 2F 0-1: Foul Ball, location: 2F 0-2: DOUBLE (Groundball, 5L, EV 101.2 MPH) Andy Rayer to third
|
|
Batting: RHB Seisaburo Edagawa
|
0-0: Ground out 6-3 (Groundball, 6, EV 91.2 MPH)
|
| Bottom of the 3rd over - 0 runs, 1 hit, 1 error, 2 left on base; West Virginia 0 - Boise 2 |
| TOP OF THE 4TH |
|
West Virginia Black Bears batting - Pitching for Boise Hawks : RHP Ricky de la Rosa
|
|
Batting: RHB Mike Weeks
|
0-0: Called Strike 0-1: Ground out 4-3 (Groundball, 4, EV 107.5 MPH)
|
|
Batting: LHB Dave Cook
|
0-0: Ball 1-0: Swinging Strike 1-1: Foul Ball, location: 2F 1-2: Foul Ball, location: 2F 1-2: Hit by Pitch
|
|
Batting: RHB Matt Derrien
|
0-0: Called Strike 0-1: Grounds into double play, 5-4-3 (Groundball, 56, EV 86.2 MPH)
|
| Top of the 4th over - 0 runs, 0 hits, 0 errors, 0 left on base; West Virginia 0 - Boise 2 |
| BOTTOM OF THE 4TH |
|
Boise Hawks batting - Pitching for West Virginia Black Bears : RHP Luis Flores
|
|
Batting: SHB Clayton Saunders
|
0-0: Ball 1-0: Ball 2-0: SINGLE (Line Drive, 78S, EV 97.5 MPH)
|
|
Batting: RHB Kevin McKasson
|
0-0: Ball Clayton Saunders steals 2nd base 1-0: Called Strike 1-1: Ball 2-1: Ball 3-1: Base on Balls
|
|
Batting: RHB Bob Hayes
|
0-0: Swinging Strike 0-1: Ball 1-1: Foul Ball, location: 2F 1-2: Strikes out swinging
|
|
Batting: LHB Jerry Santana
|
0-0: Called Strike 0-1: Fielders Choice at 2nd, 4-6 (Groundball, 4D, EV 101.9 MPH) Clayton Saunders to third
|
|
Batting: SHB Rich McDonald
|
0-0: DOUBLE (Flyball, 8RD, EV 98.1 MPH) Clayton Saunders scores Jerry Santana to third Runner from 3rd tries for Home, SAFE, throw by CF to home
|
|
Batting: SHB Ken Griffey IV
|
0-0: Ground out 6-3 (Groundball, 56, EV 108.1 MPH)
|
| Bottom of the 4th over - 2 runs, 2 hits, 0 errors, 1 left on base; West Virginia 0 - Boise 4 |
| TOP OF THE 5TH |
|
West Virginia Black Bears batting - Pitching for Boise Hawks : RHP Ricky de la Rosa
|
|
Batting: RHB Erik Mulligan
|
0-0: Swinging Strike 0-1: Ball 1-1: Ground out 3-1 (Groundball, 34, EV 85.0 MPH)
|
|
Batting: RHB Francisco Santos
|
0-0: Ground out 2-3 (Groundball, 15S, EV 70.6 MPH)
|
|
Batting: SHB Nathan Clement
|
0-0: Reached on error, E2 (Groundball, 2R, EV 68.1 MPH)
|
|
Batting: RHB Ryan Thurston
|
0-0: SINGLE (Groundball, 6M, EV 107.5 MPH) (infield hit) Nathan Clement to third
|
|
Batting: LHB Jesse Haught
|
0-0: Foul Ball, location: 2F 0-1: Foul Ball, location: 2F 0-2: Ball 1-2: Ball 2-2: Foul Ball, location: 2F 2-2: SINGLE (Flyball, 34D, EV 93.8 MPH) Nathan Clement scores Ryan Thurston to second Runner from 2nd tries for 3rd, SAFE, throw by RF made to third
|
|
Batting: SHB Rob Haney
|
0-0: Ball 1-0: Fly out, F9 (Line Drive, 89M, EV 95.0 MPH)
|
| Top of the 5th over - 1 run, 2 hits, 1 error, 2 left on base; West Virginia 1 - Boise 4 |
| BOTTOM OF THE 5TH |
|
Boise Hawks batting - Pitching for West Virginia Black Bears : RHP Luis Flores
|
|
Batting: RHB Andy Rayer
|
0-0: SOLO HOME RUN (Flyball, 7LD, EV 93.8 MPH), Distance : 351 ft
|
|
Pitching: RHP Sung-jae Choo
|
|
|
Batting: RHB Justin Garrett
|
0-0: Foul Ball, location: 2F 0-1: Swinging Strike 0-2: Ball 1-2: Ball 2-2: Foul Ball, location: 2F 2-2: Ball 3-2: Strikes out swinging
|
|
Batting: RHB Seisaburo Edagawa
|
0-0: Ball 1-0: Called Strike 1-1: Ball 2-1: Ball 3-1: Base on Balls
|
|
Batting: SHB Clayton Saunders
|
0-0: Ball Seisaburo Edagawa steals 2nd base 1-0: Ball 2-0: Foul Ball, location: 2F 2-1: Ball 3-1: Base on Balls
|
|
Batting: RHB Kevin McKasson
|
0-0: Ball 1-0: Ball 2-0: Ball 3-0: Base on Balls Seisaburo Edagawa to third Clayton Saunders to second
|
|
Batting: RHB Bob Hayes
|
0-0: Called Strike 0-1: Hit by Pitch Seisaburo Edagawa scores Clayton Saunders to third Kevin McKasson to second
|
|
Batting: LHB Jerry Santana
|
0-0: Called Strike 0-1: Fielders Choice at 2nd, 5-4 (Groundball, 5, EV 81.2 MPH) Clayton Saunders scores Kevin McKasson to third
|
|
Batting: SHB Rich McDonald
|
0-0: Ball 1-0: Ground out 4-3 (Groundball, 4, EV 95.0 MPH)
|
| Bottom of the 5th over - 3 runs, 1 hit, 0 errors, 2 left on base; West Virginia 1 - Boise 7 |
| TOP OF THE 6TH |
|
West Virginia Black Bears batting - Pitching for Boise Hawks : RHP Ricky de la Rosa
|
|
Batting: RHB Mike Weeks
|
0-0: Called Strike 0-1: Foul Ball, location: 2F 0-2: Strikes out looking
|
|
Batting: LHB Dave Cook
|
0-0: Called Strike 0-1: Ball 1-1: Foul Ball, location: 2F 1-2: Foul Ball, location: 2F 1-2: Ball 2-2: Foul Ball, location: 2F 2-2: Strikes out swinging
|
|
Batting: RHB Matt Derrien
|
0-0: Swinging Strike 0-1: Called Strike 0-2: Ball 1-2: SINGLE (Groundball, 6D, EV 106.2 MPH)
|
|
Batting: RHB Erik Mulligan
|
0-0: Foul Ball, location: 2F 0-1: Swinging Strike 0-2: Foul Ball, location: 2F 0-2: Foul Ball, location: 2F 0-2: Ball 1-2: Strikes out swinging
|
| Top of the 6th over - 0 runs, 1 hit, 0 errors, 1 left on base; West Virginia 1 - Boise 7 |
| BOTTOM OF THE 6TH |
|
Boise Hawks batting - Pitching for West Virginia Black Bears : RHP Sung-jae Choo
|
|
Pitching: RHP Cal Abbott
|
|
|
Batting: SHB Ken Griffey IV
|
0-0: Foul Ball, location: 2F 0-1: Foul Ball, location: 2F 0-2: Strikes out looking
|
|
Batting: RHB Andy Rayer
|
0-0: Ball 1-0: Swinging Strike 1-1: Ball 2-1: Ball 3-1: Foul Ball, location: 2F 3-2: Fly out, F9 (Flyball, 89S, EV 81.2 MPH)
|
|
Batting: RHB Justin Garrett
|
0-0: Called Strike 0-1: Ball 1-1: Foul Ball, location: 2F 1-2: Foul Ball, location: 2F 1-2: Strikes out swinging
|
| Bottom of the 6th over - 0 runs, 0 hits, 0 errors, 0 left on base; West Virginia 1 - Boise 7 |
| TOP OF THE 7TH |
|
West Virginia Black Bears batting - Pitching for Boise Hawks : RHP Ricky de la Rosa
|
|
Batting: RHB Francisco Santos
|
0-0: Foul Ball, location: 2F 0-1: Ball 1-1: Ball 2-1: Fly out, F9 (Flyball, 89M, EV 82.5 MPH)
|
|
Pitching: RHP David Landa
|
|
|
Batting: SHB Nathan Clement
|
0-0: Foul Ball, location: 2F 0-1: Ball 1-1: Ball 2-1: Swinging Strike 2-2: Foul Ball, location: 2F 2-2: Ball 3-2: Ground out 6-3 (Groundball, 6, EV 108.1 MPH)
|
|
Pinch Hitting: RHB Edwardo Tanchez
|
0-0: Foul Ball, location: 2F 0-1: Foul Ball, location: 2F 0-2: SOLO HOME RUN (Flyball, 7D, EV 92.5 MPH), Distance : 355 ft
|
|
Batting: LHB Jesse Haught
|
0-0: Foul Ball, location: 2F 0-1: Foul Ball, location: 2F 0-2: Ball 1-2: Ball 2-2: Strikes out swinging
|
| Top of the 7th over - 1 run, 1 hit, 0 errors, 0 left on base; West Virginia 2 - Boise 7 |
| BOTTOM OF THE 7TH |
|
Boise Hawks batting - Pitching for West Virginia Black Bears : RHP Cal Abbott
|
|
Now at 3B: Edwardo Tanchez
|
|
|
Now at SS: Rob Haney
|
|
|
Now in CF: Jesse Haught
|
|
|
Now in RF: Erik Mulligan
|
|
|
Batting: RHB Seisaburo Edagawa
|
0-0: Foul Ball, location: 2F 0-1: Ball 1-1: Ball 2-1: Fly out, F8 (Flyball, 89D, EV 91.2 MPH)
|
|
Batting: SHB Clayton Saunders
|
0-0: Fly out, F8 (Flyball, 8LXD, EV 89.4 MPH)
|
|
Batting: RHB Kevin McKasson
|
0-0: Ball 1-0: Called Strike 1-1: Foul Ball, location: 2F 1-2: SINGLE (Line Drive, 78S, EV 102.5 MPH)
|
|
Pitching: RHP Pat Hall
|
|
|
Batting: RHB Bob Hayes
|
0-0: Ground out 1-3 (Groundball, 13S, EV 73.1 MPH)
|
| Bottom of the 7th over - 0 runs, 1 hit, 0 errors, 1 left on base; West Virginia 2 - Boise 7 |
| TOP OF THE 8TH |
|
West Virginia Black Bears batting - Pitching for Boise Hawks : RHP David Landa
|
|
Batting: SHB Rob Haney
|
0-0: Called Strike 0-1: Hit by Pitch
|
|
Batting: RHB Mike Weeks
|
0-0: Called Strike 0-1: Swinging Strike 0-2: Ball 1-2: Foul Ball, location: 2F 1-2: Foul Ball, location: 2F 1-2: Strikes out swinging
|
|
Batting: LHB Dave Cook
|
0-0: Ball 1-0: Ball 2-0: Called Strike 2-1: Ball 3-1: Base on Balls Rob Haney to second
|
|
Batting: RHB Matt Derrien
|
0-0: Called Strike 0-1: Ball 1-1: Called Strike 1-2: SINGLE (Groundball, 4MD, EV 109.4 MPH) Rob Haney to third Dave Cook to second
|
|
Batting: RHB Erik Mulligan
|
0-0: Ball 1-0: Ball 2-0: Ball Wild Pitch! Rob Haney scores Dave Cook to third Matt Derrien to second 3-0: Called Strike 3-1: Ground out 6-3 (Groundball, 6, EV 98.8 MPH) Dave Cook scores
|
|
Pinch Hitting: RHB Randy Bergman
|
0-0: Ball 1-0: Ball 2-0: Ball 3-0: Base on Balls
|
|
Batting: SHB Nathan Clement
|
0-0: Ball 1-0: Ground out U3 (Groundball, 3, EV 83.8 MPH)
|
| Top of the 8th over - 2 runs, 1 hit, 0 errors, 2 left on base; West Virginia 4 - Boise 7 |
| BOTTOM OF THE 8TH |
|
Boise Hawks batting - Pitching for West Virginia Black Bears : RHP Pat Hall
|
|
Now in LF: Randy Bergman
|
|
|
Batting: LHB Jerry Santana
|
0-0: Ball 1-0: Ball 2-0: Fly out, F3 (Popup, 34, EV 74.4 MPH)
|
|
Batting: SHB Rich McDonald
|
0-0: Ball 1-0: Foul Ball, location: 2F 1-1: Foul Ball, location: 2F 1-2: Ball 2-2: Foul Ball, location: 2F 2-2: Ball 3-2: Base on Balls
|
|
Batting: SHB Ken Griffey IV
|
0-0: Called Strike Rich McDonald steals 2nd, throwing error, E2 Rich McDonald to third 0-1: Ball 1-1: Ball 2-1: Ball 3-1: Base on Balls
|
|
Batting: RHB Andy Rayer
|
0-0: Called Strike Ken Griffey IV is caught stealing 2nd base 2-4 0-1: Ball Passed Ball! Rich McDonald scores 1-1: Foul Ball, location: 2F 1-2: Hit by Pitch
|
|
Batting: RHB Justin Garrett
|
0-0: Ball 1-0: Ball Wild Pitch! Andy Rayer to second 2-0: Ground out 4-3 (Groundball, 4D, EV 100.6 MPH)
|
| Bottom of the 8th over - 1 run, 0 hits, 1 error, 1 left on base; West Virginia 4 - Boise 8 |
| TOP OF THE 9TH |
|
West Virginia Black Bears batting - Pitching for Boise Hawks : RHP David Landa
|
|
Pitching: RHP Befikadu Mthuthuzeli
|
|
|
Batting: RHB Edwardo Tanchez
|
0-0: Ball 1-0: Ball 2-0: Ball 3-0: Called Strike 3-1: Foul Ball, location: 2F 3-2: Strikes out swinging
|
|
Batting: LHB Jesse Haught
|
0-0: Ball 1-0: Called Strike 1-1: Ball 2-1: Called Strike 2-2: Foul Ball, location: 2F 2-2: Ball 3-2: Foul Ball, location: 2F 3-2: Base on Balls
|
|
Batting: SHB Rob Haney
|
0-0: Called Strike 0-1: Called Strike 0-2: DOUBLE (Flyball, 89XD, EV 105.6 MPH) Jesse Haught to third
|
|
Batting: RHB Mike Weeks
|
0-0: Swinging Strike 0-1: Ball 1-1: Ball 2-1: Ball 3-1: Called Strike 3-2: Strikes out looking
|
|
Batting: LHB Dave Cook
|
0-0: Ball 1-0: Called Strike 1-1: Foul Ball, location: 2F 1-2: Strikes out swinging
|
| Top of the 9th over - 0 runs, 1 hit, 0 errors, 2 left on base; West Virginia 4 - Boise 8 |
|